AoeStats
← WaRLoOcK

Lombardia

509420568Analyzed
3v3 RM · 5d ago on Sep 26, 2026· 75m 29s· 6 players
Game mode
Random Map
Map size
Normal (6 player)
Population
200
Speed
Normal
Resources
Standard
Victory
Conquest
Starting age
Dark Age
Ending age
Imperial Age
RankedLock teamsTeams togetherTeam positionsShared explorationLock speedFull tech treeHidden civsTurbo modeCheats
Victory
Defeat
🇧🇷 Britons · Brazil
653
+13
🇺🇸 Turks · United States
550
+18
🇺🇸 Britons · United States
541
+18
🇩🇪 Franks · Germany
610
-17
🇺🇦 Italians · Ukraine
582
-16
🇫🇷 Goths · France
573
-16
Deman501
9:58 Loom
12:12 Feudal Age
18:50 Castle Age
16:47 Double-Bit Axe
16:47 Horse Collar
16:59 Gold Mining
20:12 Stone Mining
20:35 Bow Saw
20:28 Heavy Plow
24:05 Padded Archer Armor
23:55 Fletching
24:37 Thumb Ring
33:43 Imperial Age
31:24 Crossbowman
31:30 Man-at-Arms
32:34 Masonry
33:13 Wheelbarrow
32:43 Bodkin Arrow
34:18 Wheelbarrow
34:23 Light Cavalry
35:13 Scale Barding Armor
35:56 Hand Cart
36:05 Cavalier
37:31 Chain Barding Armor
40:14 Hussar
41:37 Plate Barding Armor
41:06 Scale Mail Armor
41:16 Forging
41:48 Elite Genoese Crossbowman
44:13 Crop Rotation
46:56 Coinage
59:25 Chain Mail Armor
59:45 Iron Casting
59:26 Leather Archer Armor
59:11 Bracer
61:00 Capped Ram
63:49 Town Watch
66:36 Elite Skirmisher
internet-shop24
11:56 Feudal Age
12:24 Double-Bit Axe
18:08 Castle Age
21:31 Loom
24:03 Bow Saw
26:57 Stone Mining
27:33 Caravan
28:43 Gold Mining
30:15 Wheelbarrow
33:00 Coinage
34:56 Gold Shaft Mining
37:59 Imperial Age
35:47 Hand Cart
35:19 Town Watch
37:23 Scale Barding Armor
37:28 Forging
37:19 Scale Mail Armor
37:45 Ordonnance Companies
38:48 Chain Barding Armor
38:29 Padded Archer Armor
39:33 Town Patrol
39:56 Ballistics
39:17 Treadmill Crane
40:38 Husbandry
39:58 Cavalier
39:59 Light Cavalry
41:03 Fortified Wall
41:54 Chemistry
40:42 Arrowslits
40:50 Guard Tower
41:11 Masonry
40:57 Murder Holes
41:08 Siphons
41:42 Plate Barding Armor
41:23 Chain Mail Armor
43:01 Iron Casting
42:41 Leather Archer Armor
42:17 Fletching
42:29 Chivalry
42:49 Conscription
42:33 Paladin
44:06 Banking
44:19 Fortified Wall
44:40 Architecture
44:26 Careening
44:26 Clinker Construction
ॐPixoॐ
15:10 Feudal Age
15:35 Horse Collar
15:49 Stone Mining
15:50 Double-Bit Axe
21:49 Castle Age
22:12 Fletching
23:21 Bow Saw
23:13 Heavy Plow
23:52 Stone Shaft Mining
24:35 Wheelbarrow
27:01 Hand Cart
27:27 Caravan
27:40 Gold Mining
31:40 Murder Holes
32:06 Ballistics
31:42 Bodkin Arrow
31:25 Pikeman
32:07 Squires
37:08 Imperial Age
36:11 Anarchy
41:55 Crop Rotation
42:40 Two-Man Saw
43:11 Conscription
44:16 Bracer
44:17 Scale Mail Armor
44:17 Padded Archer Armor
44:43 Perfusion
45:02 Halberdier
49:29 Forging
49:34 Chain Mail Armor
49:35 Leather Archer Armor
49:41 Elite Huskarl
joshua63775
10:18 Loom
12:05 Feudal Age
18:53 Castle Age
16:45 Horse Collar
18:16 Double-Bit Axe
28:08 Wheelbarrow
29:03 Heavy Plow
29:53 Gold Mining
29:54 Stone Mining
33:09 Bow Saw
37:11 Imperial Age
36:16 Bloodlines
36:06 Husbandry
36:59 Murder Holes
37:14 Fortified Wall
40:03 Padded Archer Armor
40:05 Scale Mail Armor
40:11 Scale Barding Armor
42:24 Hand Cart
43:19 Two-Man Saw
42:46 Chain Mail Armor
42:34 Crossbowman
43:20 Thumb Ring
44:18 Chain Barding Armor
44:14 Leather Archer Armor
44:40 Heavy Camel Rider
45:41 Artillery
45:11 Elite Janissary
51:09 Ring Archer Armor
51:09 Plate Mail Armor
51:15 Plate Barding Armor
50:31 Fletching
50:51 Forging
52:13 Ballistics
53:09 Caravan
53:50 Coinage
53:31 Guilds
71:51 Capped Ram
johnrodhouse
10:45 Feudal Age
11:16 Horse Collar
11:24 Double-Bit Axe
12:35 Gold Mining
18:11 Stone Mining
21:01 Loom
23:32 Castle Age
29:55 Imperial Age
30:13 Gold Shaft Mining
29:56 Bow Saw
30:30 Wheelbarrow
35:30 Heavy Plow
35:34 Padded Archer Armor
35:25 Fletching
40:13 Hand Cart
43:25 Two-Man Saw
41:52 Elite Longbowman
43:26 Yeomen
43:45 Hoardings
43:15 Bodkin Arrow
43:36 Leather Archer Armor
49:06 Chemistry
49:56 Ballistics
49:22 Arrowslits
50:05 Conscription
49:48 Warwolf
49:19 Sappers
51:28 Ring Archer Armor
51:00 Bracer
52:16 Caravan
53:13 Fortified Wall
52:59 Murder Holes
54:10 Guilds
56:00 Coinage
58:56 Banking
59:22 Town Watch
59:53 Masonry
59:49 Siege Engineers
59:37 Heated Shot
59:29 Treadmill Crane
74:12 Spies/Treason
WaRLoOcK
13:34 Feudal Age
15:46 Wheelbarrow
15:22 Horse Collar
15:31 Double-Bit Axe
22:55 Castle Age
21:56 Fletching
22:17 Forging
22:08 Padded Archer Armor
22:09 Scale Mail Armor
22:10 Gold Mining
22:11 Stone Mining
26:14 Hand Cart
26:24 Heavy Plow
26:29 Bodkin Arrow
30:06 Leather Archer Armor
30:13 Bow Saw
33:05 Elite Skirmisher
34:43 Town Watch
34:44 Loom
35:40 Iron Casting
35:21 Chain Mail Armor
34:59 Heated Shot
35:30 Ballistics
34:51 Treadmill Crane
39:53 Imperial Age
37:15 Pikeman
40:57 Bracer
42:00 Chemistry
41:12 Fortified Wall
40:58 Murder Holes
41:14 Masonry
42:10 Two-Man Saw
41:37 Caravan
43:13 Ring Archer Armor
44:12 Elite Longbowman
50:41 Yeomen
56:58 Warwolf
57:58 Architecture
58:02 Plate Mail Armor
58:34 Blast Furnace
59:35 Squires
59:20 Arson
58:56 Halberdier
59:53 Siege Engineers
59:39 Guard Tower
59:58 Scale Barding Armor
73:27 Hoardings
72:23 Sappers
73:14 Conscription
72:17 Spies/Treason
Connection lost

Rejoining the realm…

Still unreachable

The connection could not be restored.

Session expired

The server has moved on; the page needs a fresh start.